 Dungeon Crawl Stone Soup version 0.22.0-6-g71bd7aa (webtiles) character file.

27 Amnesiac the Gusty (level 2, -3/19 HPs)
             Began as a Mummy Air Elementalist on Aug 14, 2018.
             Slain by a hound (6 damage)
             ... on level 4 of the Dungeon.
             The game lasted 00:05:12 (1669 turns).

Amnesiac the Gusty (Mummy Air Elementalist)         Turns: 1669, Time: 00:05:13

Health: -3/19      AC:  2    Str: 11    XL:     2   Next: 93%
Magic:  0/6        EV: 12    Int: 14    God:
Gold:   121        SH:  0    Dex: 12    Spells: 4/7 levels left

rFire    x . .     SeeInvis .   (no weapon)
rCold    + . .     Gourm    .   (no shield)
rNeg     + + +     Faith    .   a - +0 robe
rPois    ∞         Spirit   .   (no helmet)
rElec    .         Reflect  .   (no cloak)
rCorr    .         Harm     .   (no gloves)
MR       .....                  (no boots)
Stlth    ++........             (no amulet)
HPRegen  0.06/turn              (no ring)
MPRegen  0.10/turn              (no ring)

@: no status effects
A: no food or potions, fire vulnerability, cold resistance 1, negative energy
resistance 3, torment resistance, unbreathing
a: no special abilities


You were on level 4 of the Dungeon.
You were not hungry.

You visited 1 branch of the dungeon, and saw 5 of its levels.

You collected 121 gold pieces.

Inventory:

Armour
 a - a +0 robe (worn)
Wands
 d - a wand of iceblast (5)
Scrolls
 b - a scroll of teleportation {!r, unknown}
 c - a scroll of remove curse {!r, unknown}
 e - 2 scrolls of identify {!r, unknown}


   Skills:
 - Level 1.5 Dodging
 - Level 1.5 Stealth
 + Level 3.1 Spellcasting
 - Level 0.7 Conjurations
 * Level 3.2 Air Magic


You had 4 spell levels left.
You knew the following spells:

 Your Spells              Type           Power        Failure   Level  Hunger
a - Shock                 Conj/Air       #...         10%         1    N/A
z - Swiftness             Chrm/Air       #.......     17%         2    N/A

Your spell library contained the following spells:

 Spells                   Type           Power        Failure   Level  Hunger
 Lightning Bolt           Conj/Air       #.........   95%         5    N/A
 Airstrike                Air            ##........   50%         4    N/A
 Static Discharge         Conj/Air       #.......     28%         3    N/A

Dungeon Overview and Level Annotations

Branches:
Dungeon (5/15)
 Temple: D:4-7

Altars:
Zin

Annotations:
D:1 digable
D:4 Edmund, Grinder


Innate Abilities, Weirdness & Mutations

You do not eat or drink.
Your flesh is vulnerable to fire.
You are immune to poison.
Your flesh is cold resistant. (rC+)
You are immune to negative energy. (rN+++)
You are immune to unholy pain and torment.
You can survive without breathing.


Message History

Found a stone staircase leading up.
A hound comes into view.
A hound is nearby!
Edmund the Younger comes into view.
He is wielding a flail of crushing.
The hound barks!
The hound closely misses you. The hound barely misses you.
Casting: Shock (safe; 10% risk of failure)
Confirm with . or Enter, or press ? or * to list all spells.
Aiming: Shock (safe; 10% risk of failure)
Press: ? - help, Shift-Dir - straight line The zap hits the hound.
The hound is lightly wounded.
The zap misses the hound.
The hound barely misses you. The hound bites you.
Unknown command.
Casting: Shock (safe; 10% risk of failure)
Confirm with . or Enter, or press ? or * to list all spells.
Aiming: Shock (safe; 10% risk of failure)
Press: ? - help, Shift-Dir - straight line The zap misses the hound. x2; The hound bites you.
Casting: Shock (safe; 10% risk of failure)
Confirm with . or Enter, or press ? or * to list all spells.
Aiming: Shock (safe; 10% risk of failure)
Press: ? - help, Shift-Dir - straight line The zap misses the hound.
The zap hits the hound.
The hound is lightly wounded.
The hound bites you.
* * * LOW HITPOINT WARNING * * *
The hound barely misses you.
Unknown command.
Casting: Shock (safe; 10% risk of failure)
Confirm with . or Enter, or press ? or * to list all spells.
Aiming: Shock (safe; 10% risk of failure)
Press: ? - help, Shift-Dir - straight line The zap hits the hound.
The hound is lightly wounded.
The zap hits the hound.
The hound is moderately wounded.
The hound barely misses you.
Unknown command.
Casting: Shock (safe; 10% risk of failure)
Confirm with . or Enter, or press ? or * to list all spells.
Aiming: Shock (safe; 10% risk of failure)
Press: ? - help, Shift-Dir - straight line The zap hits the hound.
The hound is heavily wounded.
The zap hits the hound.
The hound is severely wounded.
The hound bites you.
* * * LOW HITPOINT WARNING * * *
The hound barely misses you.
Unknown command.
Casting: Shock (safe; 10% risk of failure)
Confirm with . or Enter, or press ? or * to list all spells.
Aiming: Shock (safe; 10% risk of failure)
Press: ? - help, Shift-Dir - straight line The zap misses the hound. x2; The hound barely misses you.
Unknown command.
Casting: Shock (safe; 10% risk of failure)
Confirm with . or Enter, or press ? or * to list all spells.
You don't have enough magic to cast that spell.
Unknown command.
The hound bites you.
You die...

## .# .# .#### ....#
### ..#.# ##.#########
..#.###..........###
..#.##.....#.......#
.............###@#.#
###.####.#.#####h#.####
#.# #.#.# #...@....#
###.# #.#.#
#.#.#.##.### ....#
#+#.......#.##...#
##### .####.###.#..##
#. #.....# # # #.#...#
### #...#...#


You could see Edmund and a hound.

Vanquished Creatures
  A leopard gecko (D:3)
  A ball python (D:4)
  3 bats
  2 giant cockroaches (D:2)
  2 goblins
  A hobgoblin (D:3)
  6 jackals (D:1)
  A frilled lizard (D:1)
  3 kobolds
  A rat (D:1)
21 creatures vanquished.

Notes
Turn   | Place    | Note
-------+----------+-------------------------------------------
     0 | D:1      | Amnesiac the Mummy Air Elementalist began the quest for the Orb.
     0 | D:1      | Reached XP level 1. HP: 13/13 MP: 4/4
   108 | D:1      | Reached XP level 2. HP: 19/19 MP: 1/5
   136 | D:1      | Learned a level 2 spell: Swiftness
   419 | D:3      | Found a transporter.
   426 | D:3      | Found a transporter.
  1483 | D:4      | Noticed Grinder
  1515 | D:5      | Entered Level 5 of the Dungeon
  1564 | D:3      | Found a glowing silver altar of Zin.
  1657 | D:4      | Noticed Edmund
  1669 | D:4      | Slain by a hound

Skill      XL: |  1  2 |
---------------+-------+-----
Air Magic      | 3 |  3.2
Spellcasting   | 3 |  3.1
Dodging        | |  1.5
Stealth        | |  1.5
Conjurations   | |  0.7

Action                   || total
-------------------------++-------
Melee: Unarmed           ||   119
 Cast: Shock             ||    43
Evoke: Wand              ||    18
Armor: Robe              ||     6
Dodge: Dodged            ||    28
